 Dungeon Crawl Stone Soup version 0.26.0-10-g1f06aea511 (webtiles) character file.

Game seed: 1189015238777347747

8 inc the Conjurer (level 2, 2/11 HPs)
             Began as a Felid Conjurer on Feb 2, 2021.
             Tarried too long and was consumed by Zot
             ... on level 1 of the Dungeon.
             The game lasted 00:01:25 (8101 turns).

inc the Conjurer (Felid Conjurer)                   Turns: 8101, Time: 00:01:26

Health: 2/11       AC:  1    Str: -1    XL:     2   Next: 0%
Magic:  6/6        EV: 17    Int: 19    God:
Gold:   7          SH:  0    Dex: 14    Spells: 4/5 levels left
                                        Lives:  0   Deaths: 0

rFire    . . .     SeeInvis +   (weapon unavailable)
rCold    . . .     Faith    .   (shield unavailable)
rNeg     . . .     Spirit   .   (armour unavailable)
rPois    .         Reflect  .   (helmet unavailable)
rElec    .         Harm     .   (cloak unavailable)
rCorr    .         Rampage  .   (gloves unavailable)
Will     .....                  (boots unavailable)
Stlth    +++.......             (no amulet)
HPRegen  0.00/turn              a - +4 ring of slaying
MPRegen  0.10/turn              b - -4 ring of strength (curse)

@: slowed, lost strength, bezotted, slow
A: very small, no armour, no weapons or thrown items, stealth, claws 1, fangs 3,
see invisible, speed 1, shaggy fur 1, sharp paws
a: no special abilities


You were on level 1 of the Dungeon.
You visited 1 branch of the dungeon, and saw 2 of its levels.

You collected 7 gold pieces.

Inventory:

Jewellery
 a - a +4 ring of slaying (left paw)
 b - a cursed -4 ring of strength (right paw)


   Skills:
 - Level 2.6 Dodging
 - Level 2.6 Stealth
 - Level 2.0 Spellcasting
 + Level 4.0 Conjurations


You had 4 spell levels left.
You knew the following spells:

 Your Spells              Type           Power        Failure   Level
a - Magic Dart            Conj           68%          3%          1

Your spell library contained the following spells:

 Spells                   Type           Power        Failure   Level
 Searing Ray              Conj           34%          4%          2
 Dazzling Flash           Conj/Hex       18%          22%         3
 Fulminant Prism          Conj/Hex       4%           58%         4
 Iskenderun's Mystic Bla  Conj/Tloc      9%           58%         4


Dungeon Overview and Level Annotations

Branches:
Dungeon (2/15)

Altars:
Nemelex Xobeh


Innate Abilities, Weirdness & Mutations

You cannot wear armour.
You are incapable of wielding weapons or throwing items.
Your paws allow you to move quietly. (Stealth)
You have sharp claws.
You have razor-sharp teeth.
You have supernaturally acute eyesight. (SInv)
You cover ground quickly.
You are covered in fur. (AC +1)
Your sharp claws are effective at attacking unaware monsters.


Message History

You have reached level 2!
You see here 16 bolts.
(D) Dungeon
Where to? (? - help)
You see here a +0 dagger.
There is a stone staircase leading down here.
You climb downwards.
As you enter the new level, Zot loses track of you.
Found 12 stones.
Found a sparkling altar of Nemelex Xobeh.
There is a stone staircase leading up here.
You climb upwards.
There is a stone staircase leading down here.
Key pressed, stopping explore.
Key pressed, stopping explore.
You have lingered too long.
Zot senses you.
Dive deeper or flee this branch before you perish!
Zot draws nearer.
Dive deeper or flee this branch before you perish!
Zot has nearly found you.
Death is approaching.
Descend or flee this branch!
Zot has found you!
You die...

##...#.........#
#....#.........#
#..............#
#...#..........#
#...#..........# #
#...##.........#
##########...##..########
........##...##..#######
.....#.......+..@.......
#(..##...#.(.##..#######
##.###.......'...#
##.##.###....###.#
.#.#.###..#'## #.#
##.####...#.# #>#
..<.......#.# #.#
##.####...#.# #.#
.#.#.###..#.# ###


There were no monsters in sight!

Vanquished Creatures
  A dart slug (D:1)
  A goblin (D:1)
  A hobgoblin (D:1)
  A bat (D:1)
  A frilled lizard (D:1)
  A kobold (D:1)
  A rat (D:1)
7 creatures vanquished.

Notes
Turn   | Place    | Note
-------+----------+-------------------------------------------
     0 | D:1      | inc the Felid Conjurer began the quest for the Orb.
     0 | D:1      | Reached XP level 1. HP: 7/7 MP: 4/4
   213 | D:1      | Lost strength.
  3426 | D:1      | Glimpsed the power of Zot.
  3438 | D:1      | Reached skill level 4 in Conjurations
  3439 | D:1      | Reached XP level 2. HP: 2/11 MP: 1/6
  3472 | D:2      | Found a sparkling altar of Nemelex Xobeh.
  7434 | D:1      | Glimpsed the power of Zot.
  7768 | D:1      | Glimpsed the power of Zot.
  8034 | D:1      | Glimpsed the power of Zot.
  8100 | D:1      | Glimpsed the power of Zot.
  8101 | D:1      | Tarried too long and was consumed by Zot

Illustrated notes

Levels and vault maps discovered:
D:1:      roderic_crossed_star, layout_basic
D:2:      layout_basic, nicolae_overflow_crystal_walls,
          chequers_ecumenical_altar_simple, hex_large, minmay_splitting_lines,
          minmay_misc_feat_diagonals, trog_three_pillars_becter, uniq_robin

Skill      XL: |  1 |
---------------+----+-----
Conjurations   | 4 |  4.0
Dodging        | |  2.6
Stealth        | |  2.6
Spellcasting   | |  2.0

Action                   || total
-------------------------++-------
Melee: Unarmed           ||     8
       Bite              ||     1
 Cast: Magic Dart        ||     8
Dodge: Dodged            ||    11
